 Dungeon Crawl Stone Soup version 0.25-a0-294-gea9b1ad378 (webtiles) character file.

Game seed: 11311422011615680367, levelgen mode: deterministic

47 Error4North the Skirmisher (level 3, -11/33 HPs)
             Began as a Hill Orc Fighter on Dec 19, 2019.
             Killed by divine providence
             ... invoked by an orc priest
              (14 damage)
             ... on level 4 of the Dungeon.
             The game lasted 00:04:14 (826 turns).

Error4North the Skirmisher (Hill Orc Fighter)        Turns: 826, Time: 00:04:16

Health: -11/33     AC:  8    Str: 19    XL:     3   Next: 70%
Magic:  3/3        EV:  7    Int:  8    God:
Gold:   31         SH:  9    Dex: 10    Spells: 2/2 levels left

rFire    . . .     SeeInvis .   a - +0 war axe
rCold    . . .     Gourm    .   c - +0 shield
rNeg     . . .     Faith    .   b - +0 scale mail
rPois    .         Spirit   .   (no helmet)
rElec    .         Reflect  .   (no cloak)
rCorr    .         Harm     .   k - +0 pair of gloves
MR       .....                  (no boots)
Stlth    ..........             (no amulet)
HPRegen  0.11/turn              (no ring)
MPRegen  0.08/turn              (no ring)

@: no status effects
A: no striking features
a: Convert to Beogh


You were on level 4 of the Dungeon.
You were not hungry.

You visited 1 branch of the dungeon, and saw 3 of its levels.

You collected 31 gold pieces.

Inventory:

Hand Weapons
 a - a +0 war axe (weapon)
Missiles
 i - 6 stones (quivered)
Armour
 b - a +0 scale mail (worn)
 c - a +0 shield (worn)
 k - a +0 pair of gloves (worn)
Scrolls
 j - a scroll of immolation {unknown}
 l - a scroll of teleportation {unknown}
Potions
 d - 2 potions of might
 e - a potion of curing {unknown}
 g - 2 potions of flight {unknown}
Comestibles
 f - 5 rations
 h - 2 chunks of flesh


   Skills:
 + Level 4.0 Fighting
 + Level 3.6 Axes
 + Level 3.4 Armour
 * Level 4.0 Shields
 * Level 0.3 Spellcasting


You had 2 spell levels left.
You didn't know any spells.
Your spell library was empty.

Dungeon Overview and Level Annotations

Branches:
Dungeon (2/15)

Altars:


Message History

You block the hound skeleton's attack.
You barely miss the orc priest.
The orc priest is severely wounded.
The orc priest shouts, "Beogh is our master!
Accept the truth or die!"
You hit the hound skeleton. The hound skeleton bites you.
The orc priest shouts, "Beogh is our master!
Accept the truth or die!"
You block the orc priest's attack.
An orc wizard comes into view. It is wielding a +0 dagger.
The hound skeleton bites you but does no damage.
The orc wizard gestures wildly while chanting.
The orc wizard seems to speed up.
The orc priest invokes the aid of Beogh against you.
Beogh smites you!
* * * LOW HITPOINT WARNING * * *
The hound skeleton barely misses you.
You see here a +0 hand axe.
The hound skeleton bites you but does no damage.
The orc priest calls down the wrath of Beogh upon you.
Beogh smites you!
You die...

#.# ##+# #.### ##...##
#... #.##.....## #..#
#.#.......## #..#### .#
##..........####.....###.#
............'.............
#..........####.........#
#.....!@## ##..#..##..
##...Z.## ##.#..# ##..)##
#....# ##o## #..#.# #o#
#..#.# #.# #....# #o#
##.### o.. #.# ... #.#


You could see an orc priest, an orc wizard and a hound skeleton.

Vanquished Creatures
  An adder (D:4)
  A dart slug (D:1)
  A leopard gecko (D:1)
  An orc (D:4)
  2 giant cockroaches
  4 goblins
  6 hobgoblins
  2 jackals (D:1)
  2 kobolds (D:1)
  5 bats (D:1)
  4 frilled lizards (D:1)
  2 rats
31 creatures vanquished.

Notes
Turn   | Place    | Note
-------+----------+-------------------------------------------
     0 | D:1      | Error4North the Hill Orc Fighter began the quest for the
                  | Orb.
     0 | D:1      | Reached XP level 1. HP: 19/19 MP: 1/1
   140 | D:1      | Reached XP level 2. HP: 26/27 MP: 2/2
   549 | D:1      | Reached XP level 3. HP: 33/33 MP: 3/3
   722 | D:2      | Found a faded altar of an unknown god.
   778 | D:2      | You fall into a shaft and drop 2 floors!
   826 | D:4      | Killed from afar by an orc priest

Levels and vault maps discovered:
D:1:      matt_arrival_diagonals, layout_basic
D:2:      layout_basic, lemuel_crystal_altar, xom_butterflies,
          nicolae_qazlal_style_of_elements, first_ration,
          chequers_ecumenical_altar_grove
D:4:      layout_loops_corners, minmay_temple_entry_nine_rooms,
          nemelex_lonely_heart_becter

Skill      XL: |  1  2  3 |
---------------+----------+-----
Axes           | 3 |  3.6
Fighting       | 4 |  4.0
Shields        | 4 |  4.0
Armour         | |  3.4
Spellcasting   | |  0.3

Action                   || total
-------------------------++-------
Melee: War axe           ||    83
Armor: Scale mail        ||    38
Dodge: Dodged            ||    31
Block: Shield            ||    55

Table legend:
 A = Non-vault XP
 B = Vault XP
 C = Vault XP percentage of total XP
 D = Non-vault monster count
 E = Vault monster count
 F = Vault count percentage of total count
                 A         B        C        D         E       F
            +---------+---------+-------+---------+---------+-------
      Total |      68 |       0 |   0.0 |      31 |       0 |   0.0
            +---------+---------+-------+---------+---------+-------
        D:1 |      43 |       0 |   0.0 |      24 |       0 |   0.0
        D:2 |       7 |       0 |   0.0 |       4 |       0 |   0.0
        D:4 |      18 |       0 |   0.0 |       3 |       0 |   0.0
            +---------+---------+-------+---------+---------+-------
